 Dungeon Crawl Stone Soup version 0.29-a0-352-g0917bc69df (webtiles) character file.

Game seed: 7998688344535310255

7576 Morbidden the Cleaver (level 10, -17/77 HPs)
             Began as a Demonspawn Fighter on Apr 24, 2022.
             Was an Elder of Cheibriados.
             Demolished by a sun demon (22 damage)
             ... summoned by a kobold demonologist
             ... on level 10 of the Dungeon.
             The game lasted 00:17:15 (11558 turns).

Morbidden the Cleaver (Demonspawn Fighter)         Turns: 11558, Time: 00:17:15

Health: -17/77     AC:  9    Str: 29    XL:     10   Next: 97%
Magic:  25/25      EV:  9    Int: 19    God:    Cheibriados [****..]
Gold:   327        SH: 15    Dex: 22    Spells: 13/18 levels left

rFire   . . .      SeeInvis +   a - +0 war axe
rCold   . . .      Faith    .   r - +0 kite shield
rNeg    . . .      Spirit   .   k - +0 plate armour
rPois   .          Reflect  .   A - +2 helmet {SInv}
rElec   .          Harm     .   (no cloak)
rCorr   .          Rampage  .   (no gloves)
Will    +....                   y - +1 pair of boots
Stlth   ..........              (no amulet)
HPRegen 0.22/turn               u - ring of willpower
MPRegen 0.19/turn               q - ring of magical power

@: corroded, very slow
A: large bone plates 1, icemail 2, powered by death 2, condensation shield
a: Renounce Religion, Bend Time, Temporal Distortion, Slouch


You were on level 10 of the Dungeon.
You worshipped Cheibriados.
Cheibriados was greatly pleased with you.
You visited 2 branches of the dungeon, and saw 11 of its levels.
You also visited: Ossuary and Bailey.

You collected 492 gold pieces.
You spent 165 gold pieces at shops.

Inventory:

Hand Weapons
 a - a +0 war axe (weapon)
 b - a +5 mace of freezing
 G - a +1 flail of protection
Missiles
 c - 5 poisoned darts (quivered)
 j - 4 throwing nets
 s - 3 javelins
 t - 4 boomerangs
 z - 5 boomerangs of dispersal
Armour
 k - a +0 plate armour (worn)
 r - a +0 kite shield (worn)
 y - a +1 pair of boots (worn)
 A - a +2 helmet of see invisible (worn)
Jewellery
 m - a ring of protection from cold
 q - a ring of magical power (right hand)
 u - a ring of willpower (left hand)
 B - a ring of wizardry
 I - a ring of protection from fire
 K - a ring of flight
Wands
 i - a wand of charming (1)
 p - a wand of paralysis (1)
 L - a wand of acid (8)
 N - a wand of flame (15)
Scrolls
 d - 2 scrolls of identify
 e - 2 scrolls of enchant armour
 g - a scroll of amnesia
 o - a scroll of magic mapping
 v - 2 scrolls of fear
 w - a scroll of vulnerability
 C - 4 scrolls of enchant weapon
 D - a scroll of fog
 E - a scroll of summoning
Potions
 f - 2 potions of invisibility
 h - 2 potions of curing
 l - 2 potions of berserk rage
 n - 2 potions of mutation
 x - a potion of brilliance {unknown}
 F - a potion of flight
 H - a potion of magic {unknown}
 J - a potion of haste {unknown}
 M - a potion of ambrosia


   Skills:
 * Level 6.5 Fighting
 * Level 12.3(12.4) Axes
 * Level 2.2(8.2) Maces & Flails
 + Level 0.8 Throwing
 + Level 5.3 Armour
 * Level 4.8 Dodging
 + Level 0.1 Stealth
 + Level 5.4 Shields
 * Level 4.6 Spellcasting
 * Level 3.3 Translocations
 * Level 4.4 Invocations
 + Level 0.2 Evocations


You had 13 spell levels left.
You knew the following spells:

 Your Spells              Type           Power      Damage    Failure   Level
a - Manifold Assault      Tloc           17%        N/A       100%        5

Your spell library contained the following spells:

 Spells                   Type           Power      Damage    Failure   Level
 Blink                    Tloc           34%        N/A       82%         2
 Beastly Appendage        Tmut           8%         N/A       98%         1
 Corpse Rot               Necr/Air       8%         N/A       99%         2
 Poisonous Vapours        Pois/Air       8%         N/A       99%         2
 Wereblood                Tmut           4%         N/A       99%         2
 Spider Form              Tmut/Pois      4%         N/A       100%        3
 Storm Form               Tmut/Air       2%         N/A       100%        7


Dungeon Overview and Level Annotations

Branches:
Dungeon (10/15)            Temple (1/1) D:7             Orc (0/2) D:10
Ossuary (visited)          Bailey (visited)
   Lair: D:8-11

Altars:
Ashenzari
Cheibriados
Dithmenos
Elyvilon
Fedhas
Gozag
Hepliaklqana
Kikubaaqudgha
Makhleb
Nemelex Xobeh
Okawaru
Qazlal
Ru
Sif Muna
Trog
Uskayaw
Vehumet
Wu Jian
Xom
Yredelemnul
Zin
The Shining One

Shops:
D:4 [   D:10 [

Annotations:
D:6 Duvessa
D:7 3 runed translucent doors, Crazy Yiuf; Ijustatesigmund's ghost, novice DECj


Innate Abilities, Weirdness & Mutations

You are partially covered in large bone plates. (SH +4)
A meltable icy envelope protects you from harm. (AC +0)
You regenerate health from kills.
A meltable shield of frost defends you. (SH +0)


Message History

You block the sun demon's attack.
The kobold demonologist hits you but does no damage.
The rust devil barely misses you.
You hit the kobold demonologist but do no damage.
The kobold demonologist is almost dead.
You hit the sun demon.
You hit the rust devil but do no damage.
The sun demon closely misses you.
You block the kobold demonologist's attack.
The sun demon hits you!
You are engulfed in flames!
You block the rust devil's attack.
Unknown command.
Unknown command.
Unknown command.
Activating: Slouch (26% risk of failure)
Press: ? - help, Dir - look around, f - activate You fail to use your ability.
You block the sun demon's attack.
You block the kobold demonologist's attack.
The rust devil hits you. The rust devil corrodes you!
The crimson imp shouts, "Slither away, thou foisting fly-bitten mish-mash!"
Unknown command.
Unknown command.
Unknown command.
Activating: Slouch (26% risk of failure)
Press: ? - help, Dir - look around, f - activate You fail to use your ability.
The sun demon hits you!
* * * LOW HITPOINT WARNING * * *
You are engulfed in flames!
* * * LOW HITPOINT WARNING * * *
The kobold demonologist mumbles some strange words.
The rust devil hits you. The rust devil corrodes you!
Unknown command.
Unknown command.
Unknown command.
Activating: Slouch (26% risk of failure)
Press: ? - help, Dir - look around, f - activate You fail to use your ability.
The crimson imp disappears in a puff of smoke! x2
The sun demon hits you!!
You die...

#.. #.# #.# #.#
####.## #.# #.....#
#.#
#.##..#########.#
####.#.............#
.........###########
####.....#
#§K@3...##
#§54###### ..((55.
####... ####


You could see a sun demon (summoned), a rust devil (summoned), a kobold
demonologist (poisoned), an iron imp (summoned) and 2 white imps.

Vanquished Creatures
  A two-headed ogre (D:9)
  Joseph (D:9)
  Prince Ribbit (D:9)
  A wyvern (D:7)
  A wraith (D:7)
  4 yaks (D:9)
  A steam dragon (D:7)
  A water moccasin (D:7)
  3 black bears
  2 ice beasts
  15 orc warriors
  2 ogres (D:5)
  A centaur (D:8)
  A kobold brigand (D:9)
  2 bullfrogs
  2 gnoll sergeants
  4 scorpions
  18 wights
  Dowan (D:6)
  8 killer bees (D:9)
  5 howler monkeys (D:9)
  A centaur zombie (Ossuary)
  3 gnoll shamans
  2 human zombies (Ossuary)
  A jelly (D:5)
  4 orc priests
  3 hounds
  10 orc wizards
  Natasha (D:3)
  An iguana (D:3)
  5 mummies (Ossuary)
  22 gnolls
  9 adders
  A shadow imp (D:7)
  4 white imps
  3 worms
  A dart slug (D:4)
  35 orcs
  4 endoplasms
  2 giant cockroaches
  11 goblins
  5 hobgoblins
  6 jackals
  3 quokkas
  3 ball pythons
  9 bats
  4 frilled lizards
  2 hobgoblin zombies (Ossuary)
  17 kobolds
  3 kobold zombies (Ossuary)
  6 rats
256 creatures vanquished.

Vanquished Creatures (others)
  A fungus (D:7)
  4 plants (D:3)
5 creatures vanquished.

Grand Total: 261 creatures vanquished

Notes
Turn   | Place    | Note
-------+----------+-------------------------------------------
     0 | D:1      | Morbidden the Demonspawn Fighter began the quest for the
                  | Orb.
     0 | D:1      | Reached XP level 1. HP: 18/18 MP: 1/1
    51 | D:1      | Found a faded altar of an unknown god.
   379 | D:1      | Gained mutation: You regenerate a little health from kills.
                  | [demonic ancestry]
   379 | D:1      | Reached XP level 2. HP: 24/24 MP: 2/2
   392 | D:1      | Reached skill level 2 in Axes
  1332 | D:2      | Reached XP level 3. HP: 21/29 MP: 3/3
  1414 | D:2      | Noticed a scorpion
  1429 | D:2      | Killed a scorpion
  1430 | D:2      | Reached skill level 3 in Axes
  1430 | D:2      | Gained mutation: You regenerate health from kills. [demonic
                  | ancestry]
  1430 | D:2      | Reached XP level 4. HP: 29/35 MP: 4/4
  2011 | D:3      | Reached skill level 1 in Dodging
  2053 | D:3      | Reached XP level 5. HP: 26/41 MP: 6/6
  2064 | D:3      | Reached skill level 1 in Spellcasting
  2307 | D:3      | Reached skill level 4 in Axes
  2395 | D:3      | Noticed Natasha
  2406 | D:3      | Killed Natasha
  2590 | D:3      | Found an ornate altar of the Wu Jian Council.
  2590 | D:3      | Found a hide-covered altar of Uskayaw.
  2600 | D:3      | Found a stormy altar of Qazlal.
  2654 | D:3      | Gained mutation: You are partially covered in large bone
                  | plates. (SH +4) [demonic ancestry]
  2654 | D:3      | Reached XP level 6. HP: 27/48 MP: 7/7
  2956 | D:3      | Found an iron altar of Okawaru.
  3037 | D:3      | Found a bloodstained altar of Trog.
  3679 | D:4      | Noticed an orc warrior
  3711 | D:4      | Killed an orc warrior
  3712 | D:4      | Reached skill level 5 in Axes
  3712 | D:4      | Gained mutation: A meltable shield of frost defends you.
                  | (SH +0) [demonic ancestry]
  3712 | D:4      | Reached XP level 7. HP: 33/54 MP: 9/9
  3859 | D:4      | Found Tiaf's Armour Shop.
  4059 | D:5      | Entered Level 5 of the Dungeon
  4343 | D:6      | Noticed Dowan
  4405 | D:6      | Killed Dowan
  4534 | D:6      | Reached skill level 6 in Axes
  4723 | D:5      | Gained mutation: A meltable icy envelope protects you from
                  | harm. (AC +0) [demonic ancestry]
  4723 | D:5      | Reached XP level 8. HP: 61/61 MP: 11/11
  5355 | D:5      | Reached skill level 7 in Axes
  5703 | D:4      | Bought a +1 helmet of see invisible for 165 gold pieces
  5877 | D:6      | Reached skill level 5 in Fighting
  5896 | D:6      | Learned a level 5 spell: Manifold Assault
  6115 | D:6      | Noticed Duvessa
  6444 | D:7      | Reached skill level 8 in Axes
  6815 | D:7      | Reached skill level 1 in Translocations
  7000 | D:7      | Found a large runed translucent door.
  7000 | D:7      | Found a large runed translucent door.
  7004 | D:7      | Noticed Ijustatesigmund's ghost (novice DECj)
  7027 | D:7      | Reached skill level 9 in Axes
  7055 | D:7      | Reached XP level 9. HP: 56/65 MP: 13/13
  7080 | D:7      | Found a staircase to the Ecumenical Temple.
  7298 | Temple   | Entered the Ecumenical Temple
  7498 | Temple   | Became a worshipper of Cheibriados the Contemplative
  8140 | D:7      | Found a runed translucent door.
  8141 | D:7      | Noticed Crazy Yiuf
  8249 | D:7      | Reached skill level 10 in Axes
  8472 | D:8      | Reached skill level 1 in Invocations
  8492 | D:8      | Reached skill level 5 in Armour
  8567 | D:8      | Found a sand-covered staircase.
  8572 | Ossuary  | Entered an ossuary
  8711 | Ossuary  | Reached * piety under Cheibriados
  9235 | D:8      | Found a sacrificial altar of Ru.
  9646 | D:9      | Gained mutation: A meltable icy envelope protects you from
                  | harm. (AC +0) [demonic ancestry]
  9646 | D:9      | Reached XP level 10. HP: 72/72 MP: 16/16
  9679 | D:9      | Noticed Prince Ribbit
  9680 | D:9      | Noticed a two-headed ogre
  9685 | D:9      | Found a flagged portal.
  9720 | D:9      | Reached skill level 11 in Axes
  9723 | D:9      | Reached ** piety under Cheibriados
  9755 | Bailey   | Entered a bailey
  9865 | Bailey   | Reached skill level 5 in Shields
  9872 | Bailey   | Reached skill level 1 in Maces & Flails
 10168 | Bailey   | Noticed an orc knight
 10344 | D:9      | Killed a two-headed ogre
 10367 | D:9      | Reached skill level 12 in Axes
 10436 | D:9      | Noticed Joseph
 10448 | D:9      | Killed Joseph
 10600 | D:9      | Killed Prince Ribbit
 10600 | D:9      | Reached *** piety under Cheibriados
 11347 | D:10     | Entered Level 10 of the Dungeon
 11367 | D:10     | Found Muqai's Armour Shop.
 11367 | D:10     | Found a staircase to the Orcish Mines.
 11498 | D:10     | Reached **** piety under Cheibriados
 11551 | D:10     | Noticed a sun demon
 11552 | D:10     | Noticed a rust devil
 11558 | D:10     | Demolished by a sun demon

Illustrated notes

Levels and vault maps discovered:
D:1:      lightli_arrival_lavapool, layout_basic,
          ebering_ecumenical_altar_petrified, st_stairs_3,
          hangedman_feature_mirror
D:2:      layout_loops_ring
D:3:      layout_basic, mainiacjoe_overflow_boulevard,
          nicolae_overflow_quartered_altars, uniq_natasha
D:4:      layout_cave_pools, serial_shops, nicolae_take_the_stairs,
          minmay_manual_monolith
D:5:      layout_basic
D:6:      layout_loops_cross, minmay_misc_feat_tiny, grunt_ministairs_3,
          nicolae_fountain_basement, uniq_menkaure, uniq_duvessa, uniq_eustachio
D:7:      layout_basic, minmay_temple_entry_large_hall,
          ebering_ghost_disaster_area, uniq_crazy_yiuf_cottage
D:8:      layout_basic, nicolae_ru_sacrificial_ziggurat,
          nicolae_ossuary_entry_false_entrances
D:9:      layout_basic, enter_bailey_5, uniq_joseph, uniq_prince_ribbit1
D:10:     layout_loops_ring, orc_david_3
Temple:   eino_temple_scatter_basement

Skill      XL: |  1  2  3  4  5  6  7  8  9 10 |
---------------+-------------------------------+-----
Axes           | 2 3 4 5 6 9 10 12 | 12.3
Armour         | 3 4 5 |  5.3
Dodging        | 1 2 3 4 |  4.8
Shields        | 3 4 5 |  5.4
Spellcasting   | 1 2 3 4 |  4.6
Fighting       | 4 5 6 |  6.5
Translocations | 1 2 3 |  3.3
Invocations    | 2 4 |  4.4
Maces & Flails | 2 |  2.2
Throwing       | |  0.8
Stealth        | |  0.1
Evocations     | |  0.2

Action                   |  1- 3 |  4- 6 |  7- 9 | 10-12 || total
-------------------------+-------+-------+-------+-------++-------
Melee: War axe           |    90 |   238 |   445 |   251 ||  1024
       Mace              |       |       |       |    26 ||    26
Throw: Dart              |       |     4 |    11 |     4 ||    19
       Throwing net      |       |     1 |     2 |       ||     3
       Javelin           |       |       |     3 |       ||     3
       Boomerang         |       |       |     9 |       ||     9
Evoke: Wand              |       |       |       |     3 ||     3
  Use: Potion            |     3 |       |     2 |     2 ||     7
       Scroll            |       |       |     7 |     7 ||    14
 Stab: Held in net/web   |       |     1 |       |       ||     1
Armor: Scale mail        |    28 |       |       |       ||    28
       Plate armour      |    12 |   142 |   211 |   138 ||   503
Dodge: Dodged            |    44 |    53 |    67 |    79 ||   243
Block: Buckler           |    21 |    76 |    68 |       ||   165
       Kite shield       |       |       |   362 |   340 ||   702

Table legend: (Time is in decaauts)
 A = Elapsed time spent in this place.
 B = Non-inter-level travel time spent in this place.
 C = Inter-level travel time spent in this place.
 D = Time resting spent in this place.
 E = Time spent auto-exploring this place.
 F = Levels seen in this place.
 G = Mean time per level.
                   A        B        C        D        E       F      G
               +--------+--------+--------+--------+--------+-----+--------+
         Total |  13073 |  12362 |    711 |    951 |   8486 |  13 | 1005.6 |
       Dungeon |  12075 |  11409 |    666 |    790 |   8239 |  10 | 1207.5 |
        Temple |    223 |    179 |     44 |      0 |    154 |   1 |  223.0 |
       Ossuary |    222 |    222 |      0 |      0 |     92 |   1 |  222.0 |
        Bailey |    551 |    551 |      0 |    161 |      0 |   1 |  551.0 |
               +--------+--------+--------+--------+--------+-----+--------+

Top non-repeatable levels by time:
     D:7: 2021 daAuts
     D:9: 1895 daAuts
     D:3: 1355 daAuts
     D:5: 1324 daAuts
     D:8: 1270 daAuts
     D:1: 1114 daAuts
     D:6: 1059 daAuts
     D:2: 905 daAuts
     D:4: 821 daAuts
  Bailey: 551 daAuts
    D:10: 307 daAuts
  Temple: 223 daAuts
 Ossuary: 222 daAuts
